 Dungeon Crawl Stone Soup version 0.31.0-10-gcf4a605ca0 (webtiles) character file.

Game seed: 12278781893546507925

277 shadizar the Magician (level 6, -2/47 HPs)
             Began as a Djinni Conjurer on Jan 25, 2024.
             Was an Initiate of Makhleb.
             Slain by a scorpion (5 damage)
             ... on level 4 of the Dungeon.
             The game lasted 00:04:20 (2834 turns).

shadizar the Magician (Djinni Conjurer)             Turns: 2834, Time: 00:04:22

Health: -2/47      AC:  3    Str:  6    XL:     6   Next: 51%
Gold:   174        EV: 12    Int: 21    God:    Makhleb [......] SH:  0 Dex: 12

rFire   + + .        l - staff of air
rCold   x . .        (no shield)
rNeg    . . .        a - +0 robe
rPois   ∞            (no helmet)
rElec   +            (no cloak)
rCorr   .            n - +0 pair of gloves
SInv    .            (boots unavailable)
Will    .....        (no amulet)
Stlth   ++           (no ring)
HPRegen 0.27/turn    (no ring)
MPRegen 0.00/turn

%: infuse magic (-3 HP)
@: flying
A: sickness immunity, fire resistance 2, cold vulnerability 1, float, innate
caster, HP casting, extra vitality 1
a: Renounce Religion


You were on level 4 of the Dungeon.
You worshipped Makhleb.
Makhleb was noncommittal.
You visited 2 branches of the dungeon, and saw 5 of its levels.

You collected 174 gold pieces.

Inventory:

Armour
 a - a +0 robe (worn)
 n - a +0 pair of gloves (worn)
 o - a +3 leather armour
Magical Staves
 l - a staff of air (weapon)
Wands
 j - a wand of charming (3)
Scrolls
 c - a scroll of amnesia {unknown}
 d - 2 scrolls of immolation {unknown}
 f - 2 scrolls of identify {unknown}
 m - a scroll of revelation {unknown}
Potions
 b - a potion of curing {unknown}
 e - a potion of cancellation {unknown}
 g - a potion of resistance {unknown}
 h - 3 potions of haste {unknown}
 i - a potion of enlightenment {unknown}
 k - 2 potions of might {unknown}


   Skills:
 + Level 4.2 Fighting
 - Level 2.1 Dodging
 - Level 1.5 Stealth
 + Level 4.8 Spellcasting
 + Level 4.8 Conjurations
 + Level 4.8 Hexes
 + Level 4.8 Summonings
 + Level 4.8 Necromancy
 + Level 4.8 Translocations
 + Level 4.8 Fire Magic
 + Level 4.8 Ice Magic
 + Level 4.8 Air Magic
 + Level 4.8 Earth Magic
 + Level 4.8 Alchemy


You knew the following spells:

 Your Spells              Type           Power      Damage    Failure   Level
a - Magic Dart            Conj           100%       1d8       1%          1
b - Searing Ray           Conj           50%        2d6       2%          2
c - Fulminant Prism       Conj/Alch      12%        3d9       14%         4
d - Iskenderun's Mystic   Conj/Tloc      25%        2d7       14%         4
e - Freeze                Ice            100%       1d10      1%          1
f - Static Discharge      Conj/Air       76%        3-7/arc   2%          2
Your spell library was empty.

Dungeon Overview and Level Annotations

Branches:
Dungeon (4/15)             Temple (1/1) D:4

Altars:
Ashenzari
Cheibriados
Dithmenos
Elyvilon
Gozag
Hepliaklqana
Makhleb
Nemelex Xobeh
Okawaru
Qazlal
Ru
Uskayaw
Xom
Yredelemnul
The Shining One

Shops:
D:1 (

Annotations:
D:3 3 runed translucent doors, Amaterasu's ghost, amateur GnSh


Innate Abilities, Weirdness & Mutations

You are immune to sickness and miasma.
You are immune to poison.
Your flesh is very heat resistant. (rF++)
You are vulnerable to cold. (rC-)
You float through the air rather than walking.
You learn spells naturally, not from books.
Your magical power is your life essence.
You have superior vitality. (+4 MHP)


Message History

The orc shouts!
An orc comes into view. It is wielding a +0 dagger.
The magic dart hits the orc.
The orc is moderately wounded.
The orc shouts!
A scorpion comes into view.
The magic dart hits the orc.
The orc is almost dead.
The magic dart hits the orc.
You kill the orc!
Makhleb accepts your kill.
The magic dart hits the orc.
The orc is severely wounded.
The orc hits you with a +0 club.
An orc comes into view. It is wielding a +0 hand axe.
The orc misses you. The orc attacks as it pursues you!
The orc hits you but does no damage.
A goblin comes into view. It is wielding a +0 sling.
The goblin shouts!
The adder hisses angrily.
The goblin shoots a sling bullet.
The sling bullet hits you.
Casting: Magic Dart (safe; 1% risk of failure)
Confirm with . or Enter, or press ? or * to list all spells.
Aiming: Searing Ray (safe; 2% risk of failure)
Press: ? - help, Shift-Dir - straight line, f/p - orc
Aim: an orc, wielding a +0 club and wearing a +0 ring mail (severely wounded, 82% to hit)
The searing ray misses the scorpion.
The searing ray hits the orc.
You kill the orc!
Makhleb accepts your kill. (Press . to maintain the ray.)
The scorpion misses you.
Unknown command.
The searing ray misses the scorpion.
The scorpion stings you.
* * * LOW HITPOINT WARNING * * *
The searing ray hits the scorpion.
The scorpion is lightly wounded.
* * * LOW HITPOINT WARNING * * *
The scorpion stings you!
* * * LOW HITPOINT WARNING * * *
The scorpion stings you.
You die...

...#..[##..... .. ....## #.#.
##.#.#.##.##.### ....... #.#.
#...#.##.##.# .#.##. ##.#.
##.##.##.##.# .#.# ####....
#.##.##.##.##### .# # #.......
#.##.##.##.....##.#.#....##....
#.##.##.######....S.g........#.
#.##.##.##[.......#.#<....####.
#..........###@#### .#. #.
####)##.######s## # #.
#.##.##$..o).## ##
#)##.##.#.)>..#
#.##.#....:......#
#........##.###### #..###.#.
#.# ##### #..# #.# #.# ......
##)# . ... .#####


You could see a scorpion, an adder, an orc and a goblin.

Vanquished Creatures
  A black bear (D:4)
  A phantom (D:4)
  An iguana (D:4)
  2 adders
  5 orcs (D:4)
  5 ball pythons
  9 endoplasms
  2 giant cockroaches
  12 goblins
  6 hobgoblins
  7 kobolds
  2 quokkas
  4 bats
  2 frilled lizards
  4 rats
63 creatures vanquished.

Notes
Turn   | Place    | Note
-------+----------+-------------------------------------------
     0 | D:1      | shadizar the Djinni Conjurer began the quest for the Orb.
     0 | D:1      | shadizar set off with the following spells memorised: Magic
                  | Dart, Searing Ray, Fulminant Prism, Iskenderun's Mystic
                  | Blast.
     0 | D:1      | Reached XP level 1. HP: 15/15 MP: 0/0
    72 | D:1      | Reached XP level 2. HP: 14/22 MP: 0/0
    77 | D:1      | Reached skill level 1 in Fighting
   299 | D:1      | Reached XP level 3. HP: 15/27 MP: 0/0
   299 | D:1      | Learned a level 1 spell: Freeze
   616 | D:1      | Found Zebaemn's Weapon Boutique.
   772 | D:2      | Found a stormy altar of Qazlal.
  1093 | D:2      | Reached XP level 4. HP: 32/33 MP: 0/0
  1749 | D:3      | Found a runed translucent gate.
  1749 | D:3      | Found a runed translucent gate.
  1749 | D:3      | Found a runed translucent gate.
  1750 | D:3      | Found an opulent altar of Gozag.
  1752 | D:3      | Noticed Amaterasu's ghost (amateur GnSh)
  1752 | D:3      | Noticed an ice beast
  1898 | D:3      | Found a faded altar of an unknown god.
  2521 | D:4      | Reached XP level 5. HP: 35/40 MP: 0/0
  2521 | D:4      | Learned a level 2 spell: Static Discharge
  2599 | D:4      | Noticed a phantom
  2608 | D:4      | Killed a phantom
  2663 | D:4      | Noticed a black bear
  2669 | D:4      | Killed a black bear
  2670 | D:4      | Reached XP level 6. HP: 40/47 MP: 0/0
  2780 | D:4      | Found a staircase to the Ecumenical Temple.
  2789 | Temple   | Entered the Ecumenical Temple
  2804 | Temple   | Became a worshipper of Makhleb the Destroyer
  2834 | D:4      | Slain by a scorpion

Illustrated notes

Levels and vault maps discovered:
D:1:      wander_arrival_chamber, layout_basic, serial_shops, shop,
          due_unseen_surprise
D:2:      layout_basic, basic_altar, minmay_pentomino_s2
D:3:      layout_loops_ring, ebering_ghost_gozag, ebering_ecumenical_altar_rust,
          st_stairs_12
D:4:      layout_loops_ring, minmay_temple_entry_offerings
Temple:   hc_temple_tempest_star

Skill      XL: |  1  2  3  4  5 |
---------------+----------------+-----
Fighting       | 1 2 3 4 |  4.2
Spellcasting   | 4 |  4.8
Conjurations   | 4 |  4.8
Hexes          | 4 |  4.8
Summonings     | 4 |  4.8
Necromancy     | 4 |  4.8
Translocations | 4 |  4.8
Fire Magic     | 4 |  4.8
Ice Magic      | 4 |  4.8
Air Magic      | 4 |  4.8
Earth Magic    | 4 |  4.8
Alchemy        | 4 |  4.8
Dodging        | |  2.1
Stealth        | |  1.5

Action                     |  1- 3 |  4- 6 || total
---------------------------+-------+-------++-------
   Cast: Magic Dart        |    66 |    62 ||   128
         Searing Ray       |     1 |     6 ||     7
 Armour: Robe              |     8 |    20 ||    28
  Dodge: Dodged            |     5 |    10 ||    15
